AoeStats
← 西溪梨

Arabia

512857841Analyzed
1v1 RM · 7d ago on Oct 11, 2026· 32m 56s· 2 players
Game mode
Random Map
Map size
Tiny (2 player)
Population
200
Speed
Normal
Resources
Standard
Victory
Conquest
Starting age
Dark Age
Ending age
Imperial Age
RankedLock teamsTeams togetherTeam positionsShared explorationLock speedFull tech treeHidden civsTurbo modeCheats
Victory
Defeat
🇨🇳 Poles · China
1833
+13
vs
🇨🇿 Varangians · Czechia
1765
-13
Οἰδίπους
6:21 Loom
8:42 Feudal Age
9:36 Double-Bit Axe
21:40 Castle Age
19:23 Horse Collar
20:11 Bloodlines
20:33 Scale Barding Armor
21:09 Gold Mining
21:59 Light Cavalry
23:19 Forging
26:14 Iron Casting
26:53 Wheelbarrow
27:17 Husbandry
29:30 Chain Barding Armor
30:11 Bow Saw
西溪梨
6:19 Loom
8:38 Feudal Age
9:31 Double-Bit Axe
10:28 Horse Collar
19:52 Castle Age
19:03 Bloodlines
19:24 Forging
19:51 Scale Barding Armor
21:08 Wheelbarrow
19:54 Light Cavalry
22:18 Bow Saw
22:53 Heavy Plow
26:23 Chain Barding Armor
27:41 Iron Casting
28:08 Szlachta Privileges
30:01 Husbandry
Connection lost

Rejoining the realm…

Still unreachable

The connection could not be restored.

Session expired

The server has moved on; the page needs a fresh start.